 Dungeon Crawl Stone Soup version 0.27.1-15-g792fb953b9 (webtiles) character file.

Game seed: 10740698424300163491

98 croobank the Sneak (level 4, -3/34 HPs)
             Began as a Barachi Brigand on Nov 18, 2021.
             Slain by a phantom (5 damage)
             ... on level 3 of the Dungeon.
             The game lasted 00:19:41 (2779 turns).

croobank the Sneak (Barachi Brigand)                Turns: 2779, Time: 00:19:42

Health: -3/34      AC:  8    Str: 13    XL:     4   Next: 71%
Magic:  2/6        EV: 10    Int: 11    God:
Gold:   46         SH:  0    Dex: 14    Spells: 4/5 levels left

rFire    . . .     SeeInvis .   a - +2 dagger
rCold    + . .     Faith    .   (no shield)
rNeg     . . .     Spirit   .   g - +2 ring mail {rC+}
rPois    +         Reflect  .   (no helmet)
rElec    .         Harm     .   c - +0 cloak
rCorr    .         Rampage  .   (no gloves)
Will     .....                  (no boots)
Stlth    ++........             (no amulet)
HPRegen  0.11/turn              n - ring of poison resistance
MPRegen  0.10/turn              (no ring)

@: unable to hop, slow
A: amphibious, slowness 1, strong legs 1, +LOS
a: Hop


You were on level 3 of the Dungeon.
You visited 1 branch of the dungeon, and saw 3 of its levels.

You collected 106 gold pieces.
You spent 60 gold pieces at shops.

Inventory:

Hand Weapons
 a - a +2 dagger (weapon)
Missiles
 d - 14 poisoned darts (quivered)
 j - 49 stones
 p - 16 arrows
Armour
 b - a +0 robe
 c - a +0 cloak (worn)
 g - a +2 ring mail of cold resistance (worn)
 k - a +0 scale mail
Magical Staves
 f - a staff of cold
Jewellery
 n - a ring of poison resistance (left hand)
Scrolls
 m - a scroll of magic mapping
Potions
 i - a potion of ambrosia
 l - a potion of flight
 o - a potion of degeneration


   Skills:
 + Level 2.8 Fighting
 + Level 2.8 Short Blades
 + Level 2.3 Throwing
 + Level 1.0 Armour
 + Level 1.1 Dodging
 + Level 4.2 Stealth
 * Level 1.3 Spellcasting
 * Level 1.3 Earth Magic


You had 4 spell levels left.
You knew the following spells:

 Your Spells              Type           Power      Damage    Failure   Level
a - Sandblast             Erth           6%         2d5       36%         1

Your spell library contained the following spells:

 Spells                   Type           Power      Damage    Failure   Level
 Passwall                 Tmut/Erth      1%         N/A       58%         2
 Lee's Rapid Deconstruct  Erth           1%         3d5*      100%        5
 Dispersal                Tloc           0%         N/A       100%        6
 Disjunction              Tloc           0%         N/A       100%        8


Dungeon Overview and Level Annotations

Branches:
Dungeon (3/15)

Altars:

Shops:
D:2 ?


Innate Abilities, Weirdness & Mutations

You are amphibious.
You cover ground slowly.
You can hop short distances.
You have an extended range of vision and can be seen from far away.


Message History

The phantom is severely damaged.
The phantom hits you.
* * * LOW HITPOINT WARNING * * *
The phantom blinks!
You blink.
You closely miss the phantom.
The phantom is severely damaged.
The phantom closely misses you.
Throw: 18 darts (poison)
Press: ? - help, Q - select action, (/) - cycle Shift-Dir - straight line, f/p - phantom
Aim: a phantom (severely damaged, 50% to hit)
You throw a poisoned dart. The poisoned dart hits the phantom!
The phantom is severely damaged.
The phantom hits you.
* * * LOW HITPOINT WARNING * * *
Throw: 17 darts (poison)
Press: ? - help, Q - select action, (/) - cycle Shift-Dir - straight line, f/p - phantom
Aim: a phantom (severely damaged, 50% to hit)
You throw a poisoned dart. The poisoned dart hits the phantom!
The phantom is severely damaged.
The phantom hits you but does no damage.
Throw: 16 darts (poison)
Press: ? - help, Q - select action, (/) - cycle Shift-Dir - straight line, f/p - phantom
Aim: a phantom (severely damaged, 50% to hit)
You throw a poisoned dart. The poisoned dart hits the phantom.
The phantom is severely damaged.
The phantom hits you but does no damage.
Throw: 15 darts (poison)
Press: ? - help, Q - select action, (/) - cycle Shift-Dir - straight line, f/p - phantom
Aim: a phantom (severely damaged, 50% to hit)
You throw a poisoned dart.
The poisoned dart closely misses the phantom.
The phantom hits you but does no damage.
Throw: 14 darts (poison)
Press: ? - help, Q - select action, (/) - cycle Shift-Dir - straight line, f/p - phantom
Aim: a phantom (severely damaged, 50% to hit)
Okay, then.
You hit the phantom.
The phantom is almost destroyed.
The phantom hits you.
You die...

### ## #.# .# #.# .# ## ##
#.#####.####### .# ####.
####.#@..........
.###ยง##.###......W......#
..................(...######
.###.#.........(.....(......
.# #.#.........#.##((.######
.###.#....#'##.#.##...#
...............#.##...#
...............#.##....
.##...................##


You could see a phantom.

Vanquished Creatures
  2 adders
  A gnoll (D:3)
  A worm (D:2)
  2 dart slugs
  2 orcs (D:3)
  9 bats
  5 endoplasms
  2 giant cockroaches
  5 goblins
  7 hobgoblins
  4 kobolds
  A quokka (D:1)
  6 ball pythons
  6 frilled lizards
  8 rats
61 creatures vanquished.

Notes
Turn   | Place    | Note
-------+----------+-------------------------------------------
     0 | D:1      | croobank the Barachi Brigand began the quest for the Orb.
     0 | D:1      | Reached XP level 1. HP: 17/17 MP: 1/1
   174 | D:1      | Reached XP level 2. HP: 23/23 MP: 2/2
   359 | D:1      | Reached skill level 1 in Earth Magic
   418 | D:1      | Reached XP level 3. HP: 28/28 MP: 3/3
   443 | D:1      | Reached skill level 4 in Stealth
  1028 | D:2      | Found Mimi's Magic Scroll Shop.
  1037 | D:2      | Bought a scroll of identify for 20 gold pieces
  1347 | D:2      | Learned a level 1 spell: Sandblast
  1460 | D:2      | Reached skill level 1 in Spellcasting
  1706 | D:2      | Reached XP level 4. HP: 32/34 MP: 2/5
  1795 | D:2      | Bought a scroll of identify for 20 gold pieces
  1795 | D:2      | Bought a scroll of identify for 20 gold pieces
  2465 | D:3      | Reached skill level 1 in Armour
  2741 | D:3      | Noticed a phantom
  2772 | D:3      | HP: 1/34 [phantom (1)]
  2779 | D:3      | Slain by a phantom

Illustrated notes

Levels and vault maps discovered:
D:1:      kilobyte_arrival_exit_the_forest, layout_loops_ring, feat_on_display
D:2:      layout_loops_ring, serial_shops, nicolae_shop_crystal,
          minmay_octomino_e4
D:3:      layout_basic, mainiacjoe_overflow_paths, nrook_loot_triangle,
          minivault_14

Skill      XL: |  1  2  3  4 |
---------------+-------------+-----
Earth Magic    | 1 |  1.3
Stealth        | 4 |  4.2
Spellcasting   | 1 |  1.3
Armour         | 1 |  1.0
Fighting       | |  2.8
Short Blades   | |  2.8
Throwing       | |  2.3
Dodging        | |  1.1

Action                   |  1- 3 |  4- 6 || total
-------------------------+-------+-------++-------
Melee: Dagger            |   137 |    80 ||   217
Throw: Dart              |    17 |     8 ||    25
 Cast: Sandblast         |     2 |    11 ||    13
 Abil: Hop               |       |     3 ||     3
  Use: Scroll            |     2 |     4 ||     6
       Potion            |       |     1 ||     1
 Stab: Sleeping          |     7 |     1 ||     8
Armor: Robe              |     2 |       ||     2
       Ring mail         |    50 |    40 ||    90
Dodge: Dodged            |    71 |    62 ||   133
